 Dungeon Crawl Stone Soup version 0.32-a0-859-gb0a091d592 (webtiles) character file.

Game seed: 13815335715486471416

8126 Nilihum the Bludgeoner (level 11, -18/92 HPs)
             Began as a Minotaur Cinder Acolyte on Mar 28, 2024.
             Was a High Priest of Ignis.
             Killed from afar by a juvenile batfire beast (34 damage)
             ... with a blast of flame
             ... on level 10 of the Dungeon.
             The game lasted 00:13:55 (10317 turns).

Nilihum the Bludgeoner (Minotaur Cinder Acolyte)   Turns: 10317, Time: 00:13:56

Health: -18/92     AC: 14    Str: 31    XL:     11   Next: 5%
Magic:  20/20      EV:  9    Int: 13    God:    Ignis [*****.]
Gold:   570        SH:  8    Dex:  7    Spells: 12/12 levels left

rFire   . . .        a - +0 mace (flame)
rCold   + . .        A - +0 kite shield
rNeg    + . .        b - +2 ring mail "Cepyem" {rElec Str+3 Slay+3}
rPois   .            (helmet restricted)
rElec   +            u - +2 cloak
rCorr   .            l - +2 pair of gloves
SInv    .            (no boots)
Will    +....        (no amulet) Stlth
                     m - ring "Ostinkeg" {Ice rN+ Will+ MP+9 Int+2}
HPRegen 0.35/turn    r - +6 ring of strength
MPRegen 0.17/turn

%: no passive effects
@: mighty
A: horns 2, retaliatory headbutt
a: Renounce Religion, Fiery Armour, Foxfire Swarm, Rising Flame


You were on level 10 of the Dungeon.
You worshipped Ignis.
Ignis was extremely pleased with you.
You visited 1 branch of the dungeon, and saw 10 of its levels.

You collected 570 gold pieces.

Inventory:

Hand Weapons
 a - a +0 mace of flaming (weapon)
Missiles
 j - 2 throwing nets (quivered)
Armour
 b - the +2 ring mail "Cepyem" (worn) {rElec Str+3 Slay+3}
   (You found it on level 8 of the Dungeon)

   Str+3:     It affects your strength (+3).
   Slay+3:    It affects your accuracy & damage with ranged weapons and melee
   (+3).
   rElec:     It insulates you from electricity.
 l - a +2 pair of gloves (worn)
 n - the +0 pair of gloves of the gadgeteer {Gadgeteer Wandboost ^Fragile}
   (You acquired it on level 2 of the Dungeon)

   Gadgeteer: Your evocable items recharge 30% faster and wands have a 30%
   chance to not spend a charge.
   Wandboost: Your wands are more powerful.
   ^Fragile:  It will be destroyed if unequipped.
 u - a +2 cloak (worn)
 A - a +0 kite shield (worn)
Jewellery
 m - the ring "Ostinkeg" (left hand) {Ice rN+ Will+ MP+9 Int+2}
   (You found it on level 2 of the Dungeon)

   [ring of ice]

   Ice:       It enhances your ice magic.
   Int+2:     It affects your intelligence (+2).
   rF-:       It makes you vulnerable to fire.
   rC+:       It protects you from cold.
   rN+:       It protects you from negative energy.
   Will+:     It increases your willpower.
   MP+9:      It affects your magic capacity (+9).
 r - a +6 ring of strength (right hand)
 s - a ring of magical power
 t - a +6 ring of intelligence
 w - a ring of ice
 C - a ring of protection from fire
 I - a ring of ice
Wands
 h - a wand of digging (8)
 p - a wand of warping (22)
 x - a wand of flame (26)
 z - a wand of charming (6)
 B - a wand of light (8)
Scrolls
 d - 3 scrolls of identify
 e - 4 scrolls of teleportation
 k - 2 scrolls of enchant armour
 v - 3 scrolls of enchant weapon
 y - a scroll of fear
 F - a scroll of torment
Potions
 f - 4 potions of degeneration
 g - 2 potions of magic
 i - a potion of mutation
 o - 3 potions of ambrosia
 q - a potion of attraction
 D - a potion of curing
 E - a potion of brilliance {unknown}
 G - a potion of lignification {unknown}


   Skills:
 + Level 7.4 Fighting
 - Level 16.0 Maces & Flails
 + Level 6.2 Armour
 + Level 6.3 Shields
 - Level 1.0 Spellcasting
 - Level 2.1 Fire Magic
 + Level 4.7 Evocations


You had 12 spell levels left.
You didn't know any spells.
Your spell library contained the following spells:

 Spells                   Type           Power      Damage    Failure   Level
 Scorch                   Fire           12%        2d5       38%         2
 Sandblast                Erth           0%         2d4       54%         1
 Cigotuvi's Dreadful Rot  Necr/Alch/Air  0%         N/A       69%         2
 Jinxbite                 Hex            0%         N/A       69%         2
 Stone Arrow              Conj/Erth      0%         3d7       89%         3
 Brom's Barrelling Bould  Conj/Erth      0%         2d3       100%        4
 Dispel Undead            Necr           0%         3d6       100%        4
 Martyr's Knell           Necr/Summ      0%         N/A       100%        4
 Yara's Violent Unravell  Hex/Alch       0%         3d3       100%        5
 Enfeeble                 Hex            0%         N/A       100%        7


Dungeon Overview and Level Annotations

Branches:
Dungeon (10/15)            Temple (0/1) D:7            Lair (0/5) D:8
    Orc (0/2) D:9

Altars:
Cheibriados
Kikubaaqudgha
Nemelex Xobeh
Okawaru
Qazlal
Ru
Trog
Uskayaw
Vehumet
Zin

Annotations:
D:5 1 runed translucent door, Crazy Yiuf


Innate Abilities, Weirdness & Mutations

You have a pair of horns on your head.
You reflexively headbutt those who attack you in melee.


Message History

a +0 dagger; a +0 robe You sock the orc!
You burn the orc.
You kill the orc!
You bludgeon the orc!! You burn the orc.
You kill the orc!
I - a ring of ice
Items here: ))) [[ ††.
You start resting.
A juvenile batfire beast comes into view.
A juvenile batfire beast is nearby!
A juvenile batfire beast is nearby!
Unknown command.
The juvenile batfire beast screeches!
You hear a screech!
Items here: ))) [[ ††.
Things that are here:
a +0 dagger; a +0 robe The juvenile batfire beast breathes flames at you.
The blast of flame hits you!!
Things that are here:
a mutant beast corpse; a mutant beast corpse You feel much better.
The juvenile batfire beast breathes flames at you.
The blast of flame hits you!! The juvenile batfire beast hits you.
The juvenile batfire beast hits you but does no damage.
Things that are here:
a mutant beast corpse; a mutant beast corpse You sock the juvenile batfire beast!
You burn the juvenile batfire beast.
The juvenile batfire beast is moderately wounded.
The juvenile batfire beast breathes flames at you.
The blast of flame hits you!
* * * LOW HITPOINT WARNING * * *
You sock the juvenile batfire beast! You burn the juvenile batfire beast.
The juvenile batfire beast is heavily wounded.
The juvenile batfire beast hits you but does no damage.
You feel very mighty all of a sudden.
The juvenile batfire beast breathes flames at you.
The blast of flame hits you!!
You die...
Ignis goes out, and joins you in death.

.######....≈≈§≈≈..
#..#.§§§....
#..#....§.≈.
#.######..#........
..........####.#.##
#.######..# #.#.#
#..####.#.####.
#..............
#..####@#.#####
#..# #H# # #..# #)#
...####)#
#+#......#
#.......# #####..##
#... #...


You could see a juvenile batfire beast (catching breath).

Vanquished Creatures
  Snorg (D:9)
  Fannar (D:10)
  Harold (D:9)
  Pikel (D:7)
  An elephant (D:8)
  Joseph (D:7)
  Grinder (D:3)
  A wraith (D:10)
  Eustachio (D:4)
  4 yaks (D:8)
  A steam dragon (D:6)
  An acid dragon (D:10)
  Edmund (D:5)
  An ice beast (D:6)
  2 orc warriors
  3 black bears
  A sky beast (D:7)
  2 ogres
  2 centaurs
  Blork the orc (D:5)
  3 kobold brigands
  5 bullfrogs
  A scorpion (D:8)
  11 wights
  11 killer bees
  2 vampire bats (D:9)
  A howler monkey (D:7)
  4 bombardier beetles
  A jelly (D:6)
  2 hounds
  An orc priest (D:6)
  6 iguanas
  Ijyb (D:4)
  7 orc wizards
  3 sleepcaps
  A statue (D:9)
  3 mutant beasts (D:10)
  A gnoll (D:9)
  4 adders
  A shadow imp (D:5)
  4 ufetubi
  4 dart slugs
  2 ribbon worms (D:2)
  10 orcs
  2 bat skeletons (D:9)
  4 bat zombies (D:9)
  11 endoplasms
  2 giant cockroaches
  10 hobgoblins
  7 jackals
  31 kobolds
  5 quokkas
  A ball python (D:1)
  10 bats
  4 frilled lizards
  10 goblins
  8 rats
222 creatures vanquished.

Vanquished Creatures (others)
  An orc wizard (D:7)
1 creature vanquished.

Grand Total: 223 creatures vanquished

Notes
Turn   | Place    | Note
-------+----------+-------------------------------------------
     0 | D:1      | Nilihum the Minotaur Cinder Acolyte began the quest for the
                  | Orb.
     0 | D:1      | Reached XP level 1. HP: 19/19 MP: 1/1
    69 | D:1      | Reached skill level 4 in Maces & Flails
    84 | D:1      | Reached XP level 2. HP: 24/26 MP: 2/2
   453 | D:1      | Reached skill level 5 in Maces & Flails
   693 | D:1      | Reached XP level 3. HP: 30/31 MP: 3/3
  1922 | D:2      | Reached skill level 6 in Maces & Flails
  1922 | D:2      | Reached XP level 4. HP: 39/39 MP: 4/4
  2108 | D:2      | Identified the ring "Ostinkeg" {Ice rN+ Will+ MP+9 Int+2}
  2365 | D:3      | Noticed Grinder
  2379 | D:2      | Identified a scroll of acquirement
  2379 | D:2      | Acquired the +0 pair of gloves of the gadgeteer {Gadgeteer
                  | Wandboost ^Fragile}
  2379 | D:2      | Found the +0 pair of gloves of the gadgeteer {Gadgeteer
                  | Wandboost ^Fragile}
  2527 | D:3      | Killed Grinder
  2528 | D:3      | Reached skill level 8 in Maces & Flails
  2528 | D:3      | Reached XP level 5. HP: 30/45 MP: 5/5
  2528 | D:3      | Reached XP level 6. HP: 34/51 MP: 6/6
  3118 | D:4      | Reached skill level 9 in Maces & Flails
  3161 | D:4      | Reached XP level 7. HP: 47/57 MP: 7/7
  3241 | D:4      | Noticed Ijyb
  3253 | D:4      | Killed Ijyb
  3464 | D:5      | Entered Level 5 of the Dungeon
  3496 | D:5      | Found a hide-covered altar of Uskayaw.
  3504 | D:5      | Reached skill level 10 in Maces & Flails
  3687 | D:5      | Noticed Edmund
  3696 | D:5      | Found a sacrificial altar of Ru.
  3716 | D:5      | Killed Edmund
  3975 | D:5      | Reached skill level 11 in Maces & Flails
  4069 | D:5      | Noticed Eustachio
  4071 | D:5      | Noticed Blork the orc
  4123 | D:4      | Killed Eustachio
  4124 | D:4      | Reached XP level 8. HP: 57/64 MP: 8/8
  4151 | D:5      | Killed Blork the orc
  4152 | D:5      | Reached skill level 12 in Maces & Flails
  4479 | D:5      | Found a runed translucent door.
  4480 | D:5      | Noticed Crazy Yiuf
  4539 | D:6      | Found a sparkling altar of Nemelex Xobeh.
  4663 | D:6      | Reached skill level 13 in Maces & Flails
  5665 | D:6      | Reached skill level 14 in Maces & Flails
  6177 | D:7      | Noticed Joseph
  6194 | D:7      | Killed Joseph
  6195 | D:7      | Reached XP level 9. HP: 19/70 MP: 9/9
  6517 | D:7      | Found a staircase to the Ecumenical Temple.
  6517 | D:7      | Noticed Pikel
  6604 | D:7      | Killed Pikel
  6605 | D:7      | Reached skill level 15 in Maces & Flails
  7245 | D:7      | Reached skill level 16 in Maces & Flails
  7349 | D:7      | Reached skill level 1 in Armour
  7349 | D:7      | Reached skill level 1 in Shields
  7452 | D:7      | Found a bloodstained altar of Trog.
  7774 | D:8      | Found a snail-covered altar of Cheibriados.
  7813 | D:8      | Reached skill level 1 in Evocations
  7828 | D:8      | Identified the +2 ring mail "Cepyem" {rElec Str+3 Slay+3}
  8085 | D:8      | Reached XP level 10. HP: 77/79 MP: 10/10
  8109 | D:8      | Reached skill level 5 in Fighting
  8263 | D:8      | Found a staircase to the Lair.
  8263 | D:8      | Noticed an elephant
  8271 | D:8      | Killed an elephant
  8834 | D:9      | Found an ancient bone altar of Kikubaaqudgha.
  9050 | D:9      | Found a glowing silver altar of Zin.
  9072 | D:9      | Identified the +5 flail "Orb Guardian's Regret" {heavy, rF+
                  | rN+ Int+5 Dex-2}
  9337 | D:9      | Noticed Harold
  9349 | D:9      | Killed Harold
  9350 | D:9      | Reached skill level 5 in Armour
  9350 | D:9      | Reached skill level 5 in Shields
  9589 | D:9      | Found a staircase to the Orcish Mines.
  9630 | D:9      | Found a radiant altar of Vehumet.
  9743 | D:9      | Found an iron altar of Okawaru.
  9862 | D:10     | Entered Level 10 of the Dungeon
  9862 | D:10     | Noticed Snorg
  9880 | D:9      | Killed Snorg
 10203 | D:10     | Found a stormy altar of Qazlal.
 10230 | D:10     | Noticed Fannar
 10241 | D:10     | Killed Fannar
 10242 | D:10     | Reached XP level 11. HP: 77/92 MP: 11/11
 10307 | D:10     | Noticed a juvenile batfire beast
 10317 | D:10     | Killed from afar by a juvenile batfire beast

Illustrated notes

Levels and vault maps discovered:
D:1:      amcnicky_arrival_gap_in_the_tavern_cellar, layout_loops_corners
D:2:      layout_basic, bh_walls_and_bars
D:3:      layout_rooms, kennysheep_generic_room_15, uniq_grinder
D:4:      layout_cave_pools, kennysheep_generic_room_7, uniq_ijyb
D:5:      cheibrodos_quashed, layout_loops_cross, mainiacjoe_overflow_brackets,
          mainiacjoe_overflow_catwalk, hangedman_decor_lopped, sword_in_stone,
          uniq_crazy_yiuf_cottage, uniq_edmund
D:6:      layout_loops_cross, mainiacjoe_overflow_alcove_1
D:7:      layout_gridville, mainiacjoe_overflow_alcove_4,
          minmay_temple_entry_mist, chequers_serial_rivers_micro_d, uniq_joseph,
          uniq_pikel
D:8:      layout_loops_cross, lemuel_doored_altar,
          grunt_lair_entry_orc_guard_hut, minmay_misc_feat_pillars,
          grunt_decor_junction
D:9:      layout_cave_pools, zin_treasury, okawaru_altar_gauntlet_db,
          kennysheep_vampire_church, vehumet_statue, chequers_mini_garden,
          uniq_harold
D:10:     minmay_shrinking_squares, layout_basic,
          nicolae_qazlal_general_emergency, nicolae_beast_mode, uniq_urug,
          uniq_fannar, uniq_snorg

Skill      XL: |  1  2  3  4  5  6  7  8  9 10 |
---------------+-------------------------------+-----
Maces & Flails | 4 5 6 8 9 11 14 16 | 16.0
Armour         | 2 6 |  6.2
Shields        | 2 6 |  6.3
Fighting       | 4 7 |  7.4
Evocations     | 2 4 |  4.7
Spellcasting   | |  1.0
Fire Magic     | |  2.1

Action                     |  1- 3 |  4- 6 |  7- 9 | 10-12 || total
---------------------------+-------+-------+-------+-------++-------
  Melee: Mace              |   144 |    77 |   311 |   182 ||   714
         Headbutt          |    10 |    17 |    47 |    32 ||   106
  Throw: Throwing net      |       |       |     1 |       ||     1
  Evoke: Wand              |       |       |     9 |       ||     9
    Use: Scroll            |     4 |     8 |     6 |     1 ||    19
         Potion            |       |       |     7 |     5 ||    12
 Armour: Robe              |    49 |       |       |       ||    49
         Scale mail        |    37 |    44 |   229 |       ||   310
         Ring mail         |       |       |    25 |   151 ||   176
  Dodge: Dodged            |    99 |    32 |   102 |    79 ||   312
  Block: Kite shield       |       |       |    15 |    84 ||    99

Table legend: (Time is in decaauts)
 A = Elapsed time spent in this place.
 B = Non-inter-level travel time spent in this place.
 C = Inter-level travel time spent in this place.
 D = Time resting spent in this place.
 E = Time spent auto-exploring this place.
 F = Levels seen in this place.
 G = Mean time per level.
                   A        B        C        D        E       F      G
               +--------+--------+--------+--------+--------+-----+--------+
         Total |  10255 |   9910 |    345 |   2282 |   6012 |  10 | 1025.5 |
       Dungeon |  10255 |   9910 |    345 |   2282 |   6012 |  10 | 1025.5 |
               +--------+--------+--------+--------+--------+-----+--------+

Top non-repeatable levels by time:
     D:6: 1741 daAuts
     D:9: 1380 daAuts
     D:2: 1250 daAuts
     D:5: 1196 daAuts
     D:7: 1156 daAuts
     D:1: 1116 daAuts
     D:8: 1007 daAuts
     D:4: 907 daAuts
     D:3: 381 daAuts
    D:10: 117 daAuts
